Map: 光影交错-天梯版

Players

iGXY (XY)

  • Race: Terran Terran
  • League: Master

iGCoffeeMs (Coffee) - Winner!

  • Race: Terran Terran

Event: DreamHack SC2 Masters 2021 Winter

VOD

Have the link to the VOD?

Description

Time

  • Played on: Oct. 6, 2021, 9:45 a.m.
  • Length: 15:58

All games in this series

Show
View Real Time Build Order
Export as new Build Order

iGXY Terran 

Build Orders: Cyclone Opening 

Get SALT Encoding   

  12  0:00  SCV  
  13  0:12  SCV  
  14  0:17  Supply Depot  
  14  0:24  SCV  
  15  0:38  SCV  
  15  0:40  Barracks  
  16  0:44  Refinery  
  16  0:50  SCV  
  16  0:52  Refinery  
  17  1:02  SCV  
  18  1:15  SCV  
  19  1:27  Supply Depot, Reaper, Orbital Command  
  20  1:42  Factory  
  20  1:53  SCV  
  21  1:59  Reaper  
  22  2:05  SCV  
  23  2:17  SCV  
  24  2:23  Command Center  
  24  2:29  Widow Mine  
  26  2:31  Barracks Tech Lab  
  26  2:34  SCV  
  27  2:39  Supply Depot  
  27  2:46  SCV  
  28  2:57  Cyclone  
  31  2:59  Starport  
  31  3:02  SCV  
  32  3:06  Barracks Tech Lab  
  32  3:14  SCV  
  33  3:21  Refinery  
  33  3:27  SCV  
  34  3:30  Cyclone  
  36  3:39  SCV  
  35  3:44  Orbital Command  
  35  3:48  Banshee  
  35  3:51  SCV  
  39  3:56  Barracks Reactor  
  39  4:03  SCV  
  39  4:05  Siege Tank  
  39  4:09  SCV  
  44  4:15  SCV  
  45  4:17  Supply Depot  
  45  4:21  SCV  
  46  4:27  SCV  
  46  4:31  Raven  
  47  4:33  SCV  
  50  4:38  Siege Tank  
  50  4:39  SCV  
  50  4:40  Supply Depot  
  50  4:42  Marine x2  
  56  4:45  SCV  
  56  4:51  SCV  
  56  4:52  Supply Depot  
  58  4:58  SCV  
  58  4:59  Marine  
  59  5:00  Marine  
  59  5:03  SCV  
  62  5:08  Supply Depot  
  62  5:10  SCV  
  62  5:11  Siege Tank  
  66  5:15  SCV  
  66  5:17  Raven, Marine  
  70  5:22  SCV  
  70  5:25  Marine  
  70  5:28  SCV  
  73  5:34  SCV  
  74  5:37  Marine  
  74  5:40  SCV  
  74  5:42  Command Center  
  74  5:43  Siege Tank, Marine  
  74  5:46  SCV  
  79  5:53  SCV  
  79  5:55  Marine  
  81  5:58  Refinery  
  81  5:59  Supply Depot  
  81  6:01  Marine  
  81  6:02  Raven  
  81  6:03  SCV  
  85  6:13  Marine  
  85  6:17  SCV  
  84  6:20  Supply Depot, Siege Tank  
  84  6:21  Supply Depot  
  84  6:22  Marine  
  88  6:31  Barracks  
  88  6:33  Engineering Bay x2, Barracks  
  88  6:37  SCV  
  90  6:44  SCV  
  90  6:49  SCV  
  91  6:56  Stimpack, Siege Tank, Marine  
  91  6:57  Viking x2  
  91  6:58  SCV  
  99  7:01  SCV  
  100  7:10  SCV  
  100  7:14  Marine  
  102  7:15  SCV  
  100  7:27  Viking  
  100  7:28  Siege Tank  
  100  7:29  Viking  
  101  7:32  Marine  
  101  7:33  Orbital Command  
  101  7:37  SCV  
  103  7:40  SCV  
  104  7:49  Sensor Tower  
  104  7:50  Barracks  
  104  7:51  Barracks  
  104  7:54  Barracks Reactor x2  
  104  7:55  SCV  
  105  8:07  SCV  
  105  8:09  Supply Depot  
  104  8:14  Orbital Command  
  104  8:18  Siege Tank, Marine  
  87  8:21  Viking  
  87  8:22  SCV  
  83  8:31  Marine x2  
  83  8:32  Marine  
  83  8:33  SCV  
  83  8:34  Marine  
  83  8:36  Combat Shield, Marine  
  83  8:37  SCV  
  83  8:40  SCV  
  87  8:42  Terran Infantry Weapons Level 1  
  87  8:46  Barracks Reactor x2, Terran Infantry Armor Level 1  
  87  8:47  SCV  
  88  8:49  SCV, Marine x2  
  88  8:54  Medivac  
  93  8:59  Medivac  
  93  9:00  SCV, Refinery  
  93  9:01  SCV  
  93  9:02  Supply Depot  
  97  9:04  Marine  
  97  9:05  SCV  
  97  9:09  Refinery  
  99  9:10  Marine  
  99  9:12  SCV  
  99  9:13  SCV  
  99  9:15  Siege Tank  
  105  9:17  SCV  
  105  9:18  Marine  
  105  9:19  Marine  
  105  9:20  Marine  
  105  9:22  Marine  
  110  9:24  SCV  
  110  9:25  SCV  
  110  9:27  Marine  
  110  9:28  Marine x3  
  110  9:29  SCV  
  110  9:31  Marine  
  118  9:34  Armory  
  118  9:36  Marine  
  118  9:37  Marine x2  
  121  9:39  Marine  
  121  9:43  SCV x2  
  121  9:45  Marine x3  
  119  9:46  Marine  
  119  9:48  Siege Tank  
  119  9:49  Viking, Marine  
  119  9:54  Marine  
  119  9:55  Viking, Marine x2  
  119  9:56  SCV x2  
  119  9:57  Marine  
  119  9:58  Supply Depot  
  127  10:03  Marine x3  
  127  10:04  Marine  
  129  10:09  Marine  
  129  10:11  Marine  
  129  10:13  Marine x2  
  128  10:15  Marine  
  128  10:20  Siege Tank  
  128  10:21  Marine x4  
  126  10:27  Marine  
  126  10:28  SCV  
  127  10:29  Marine  
  127  10:31  Marine  
  127  10:33  Viking  
  127  10:34  SCV, Command Center  
  131  10:39  Marine  
  131  10:40  Terran Infantry Weapons Level 2  
  130  10:44  Marine x4  
  134  10:52  Siege Tank, Marine x2  
  133  11:01  Marine  
  133  11:03  Marine x3  
  135  11:16  Marine  
  135  11:17  SCV  
  135  11:19  SCV x2  
  135  11:20  Terran Infantry Armor Level 2  
  135  11:24  Siege Tank  
  129  11:25  Marine x2  
  129  11:29  Marine  
  129  11:30  Marine  
  129  11:32  Medivac, Marine  
  132  11:36  Marine x3  
  132  11:39  Marine  
  137  11:43  Marine  
  137  11:46  Sensor Tower  
  138  11:51  Medivac  
  138  11:52  Marine x2  
  136  11:56  Planetary Fortress  
  136  11:59  Marine x2  
  135  12:02  Medivac  
  135  12:04  Siege Tank  
  135  12:05  Marine  
  135  12:08  Marine x2  
  139  12:14  SCV x3  
  139  12:18  Marine  
  139  12:19  Marine  
  139  12:21  Medivac  
  135  12:23  Marine x2  
  135  12:28  Marine  
  135  12:29  Marine  
  133  12:31  Marine x2  
  133  12:32  Medivac  
  133  12:36  Siege Tank  
  138  12:43  Marine x2  
  120  12:47  Marine x2  
  120  12:48  Marine x2  
  120  12:49  SCV x2  
  112  12:51  Medivac  
  112  12:52  Marine  
  112  12:55  SCV  
  117  13:00  Terran Infantry Weapons Level 3  
  117  13:01  SCV  
  117  13:02  Medivac, SCV  
  117  13:03  Marine  
  121  13:06  Marine  
  121  13:08  Siege Tank  
  125  13:13  Marine x2  
  125  13:16  Marine x2  
  127  13:22  Marine  
  126  13:30  Marine  
  126  13:31  Marine x2  
  128  13:36  SCV  
  129  13:42  Marine  
  129  13:44  Marine x2  
  132  13:58  SCV x2  
  126  14:02  Medivac  
  126  14:03  Medivac  
  128  14:11  Siege Tank  
  126  14:19  SCV  
  126  14:23  Marine x2  
  131  14:27  Sensor Tower  
  131  14:29  Orbital Command  
  129  14:34  Medivac x2  
  129  14:36  Marine  
  134  14:39  Command Center  
  134  14:43  Siege Tank, Marine x2  
  134  14:45  SCV  
  139  14:52  Marine  
  140  15:00  Supply Depot x3  
  139  15:09  Command Center  
  139  15:12  Marine  
  138  15:16  Siege Tank  
  138  15:17  Marine x2  
  138  15:21  Marine x3  
  134  15:24  Marine x2  
  134  15:27  Marine  
  129  15:30  Marine  
Show
View Real Time Build Order
Export as new Build Order

iGCoffeeMs Terran - Winner!

Build Orders: Cyclone Opening 

Get SALT Encoding   

  12  0:00  SCV  
  13  0:12  SCV  
  14  0:17  Supply Depot  
  14  0:24  SCV  
  15  0:38  SCV  
  15  0:40  Barracks  
  16  0:42  Refinery  
  16  0:50  SCV  
  16  0:52  Refinery  
  17  1:02  SCV  
  18  1:14  SCV  
  19  1:27  Reaper, Orbital Command  
  19  1:29  Supply Depot  
  20  1:42  Factory  
  20  1:53  SCV  
  21  1:59  Barracks Reactor  
  21  2:05  SCV  
  22  2:17  SCV  
  22  2:22  Command Center  
  23  2:26  Factory Tech Lab  
  23  2:31  SCV  
  23  2:35  Reaper x2  
  26  2:40  Supply Depot  
  26  2:43  SCV  
  27  2:49  Cyclone  
  30  2:55  SCV  
  31  3:03  Starport  
  31  3:07  SCV  
  31  3:11  Marine x2  
  34  3:16  Refinery  
  34  3:20  SCV  
  34  3:25  Siege Tank  
  38  3:32  SCV  
  39  3:39  Marine x2  
  39  3:41  Starport Tech Lab  
  39  3:45  SCV, Orbital Command  
  39  3:57  SCV  
  39  4:02  Raven  
  42  4:04  Supply Depot  
  42  4:06  Marine x2  
  42  4:09  SCV  
  45  4:11  SCV  
  45  4:16  Siege Tank  
  49  4:21  SCV  
  49  4:23  SCV, Marine  
  49  4:24  Marine  
  53  4:27  Supply Depot  
  53  4:33  SCV  
  53  4:35  SCV  
  55  4:41  Command Center  
  55  4:45  Raven  
  57  4:47  SCV  
  57  4:48  SCV  
  57  4:52  Marine x2  
  59  4:57  Siege Tank  
  64  5:02  Supply Depot, Refinery  
  64  5:04  SCV  
  61  5:10  Marine x2  
  63  5:15  SCV  
  63  5:16  SCV  
  65  5:27  SCV  
  66  5:29  SCV  
  66  5:31  Siege Tank  
  66  5:33  Barracks  
  66  5:34  Barracks  
  70  5:39  Viking x2  
  74  5:44  Marine  
  74  5:45  SCV x2  
  74  5:47  Stimpack  
  77  5:54  Orbital Command  
  76  5:58  Engineering Bay  
  76  5:59  SCV, Engineering Bay  
  75  6:12  Viking x2  
  75  6:13  Siege Tank  
  75  6:16  SCV x2  
  75  6:17  Orbital Command  
  81  6:25  Barracks Reactor x2  
  81  6:28  SCV x2  
  83  6:33  Marine  
  83  6:37  Supply Depot x2  
  83  6:38  Terran Infantry Weapons Level 1, Terran Infantry Armor Level 1  
  83  6:46  SCV x2  
  85  6:48  SCV  
  85  6:50  Siege Tank  
  85  6:51  Marine  
  90  6:57  Supply Depot  
  90  6:58  SCV x2  
  92  7:09  Marine x3  
  92  7:10  Marine  
  92  7:11  SCV x2  
  92  7:12  SCV  
  98  7:27  Siege Tank, Marine x2  
  98  7:28  Medivac x2  
  98  7:29  Marine x3  
  110  7:30  SCV x2  
  110  7:34  Supply Depot, SCV  
  110  7:35  Supply Depot  
  113  7:45  Marine  
  113  7:49  Barracks  
  113  7:50  Barracks  
  113  7:51  Supply Depot  
  114  7:55  SCV x2  
  114  7:56  Combat Shield  
  116  7:59  Siege Tank  
  119  8:05  Marine x2  
  119  8:06  Marine  
  119  8:08  SCV  
  119  8:11  Refinery x2  
  114  8:22  Marine x2  
  114  8:25  Marine x3  
  105  8:27  Medivac x2  
  105  8:31  SCV x2  
  105  8:32  Siege Tank  
  114  8:35  Armory  
  114  8:38  Barracks Reactor x2  
  114  8:40  SCV, Marine x2  
  117  8:43  SCV  
  117  8:44  Sensor Tower  
  117  8:47  Missile Turret  
  118  8:51  Supply Depot  
  118  8:52  Marine x3  
  118  8:54  Missile Turret  
  121  8:55  SCV x2  
  121  8:56  SCV  
  121  8:58  Marine x2  
  126  9:03  Viking x2  
  126  9:08  SCV x2  
  135  9:10  Siege Tank  
  135  9:22  Command Center  
  135  9:26  Terran Infantry Weapons Level 2, Terran Infantry Armor Level 2  
  135  9:30  Marine x5  
  140  9:32  Marine x2  
  140  9:34  Marine  
  143  9:45  Marine  
  134  9:48  Marine x3  
  134  9:49  Marine  
  134  9:51  Marine x3  
  138  9:56  Viking x2  
  138  9:57  Siege Tank  
  138  9:58  Terran Vehicle Weapons Level 1  
  145  10:06  Marine x3  
  148  10:09  Marine  
  149  10:15  Marine x2  
  149  10:20  Marine x3  
  146  10:22  SCV x2  
  146  10:24  Marine  
  149  10:33  Siege Tank, Marine x2  
  150  10:36  Marine  
  150  10:37  Marine  
  150  10:39  Marine x2  
  150  10:40  Marine  
  155  10:46  Viking x2  
  159  10:50  Marine x2  
  159  10:51  Marine  
  152  10:59  SCV  
  152  11:00  SCV  
  152  11:02  Marine x5  
  152  11:03  Marine  
  146  11:05  Siege Tank  
  144  11:12  Marine x3  
  144  11:15  Planetary Fortress  
  144  11:16  SCV x2  
  149  11:20  Viking x2, Marine x4  
  149  11:24  SCV  
  156  11:28  SCV  
  156  11:30  Marine x2  
  159  11:37  Siege Tank  
  159  11:39  Marine x2  
  163  11:45  Supply Depot, Marine  
  163  11:46  Supply Depot x2  
  164  11:54  Marine x2  
  157  11:57  Marine x2  
  157  11:59  Marine x3  
  162  12:02  SCV x2  
  162  12:04  SCV  
  162  12:06  Marine x2  
  166  12:10  Supply Depot  
  166  12:11  Marine  
  166  12:12  Supply Depot  
  167  12:19  Marine x4  
  167  12:22  Marine x2  
  169  12:23  Siege Tank  
  169  12:24  Marine  
  169  12:26  SCV x2  
  167  12:32  Starport  
  167  12:34  Starport, Marine  
  146  12:45  Marine  
  146  12:47  Marine  
  135  12:52  Marine  
  135  12:53  Marine x4  
  135  12:54  Viking x2  
  135  12:57  Marine x2  
  146  13:00  Terran Infantry Weapons Level 3, Terran Infantry Armor Level 3  
  146  13:01  Sensor Tower  
  146  13:03  Marine  
  146  13:04  Siege Tank  
  146  13:05  Marine  
  151  13:09  SCV x2  
  153  13:15  Starport Tech Lab x2  
  150  13:25  Marine x2  
  150  13:26  Marine x2  
  150  13:27  Marine x4  
  149  13:32  Refinery  
  149  13:33  SCV, Refinery  
  154  13:36  Siege Tank  
  154  13:37  Raven x2  
  161  13:52  Viking x2  
  165  14:00  Marine x4  
  149  14:06  Factory, Marine  
  149  14:07  Marine x4  
  149  14:08  Siege Tank  
  154  14:18  Marine x4  
  154  14:20  Command Center  
  155  14:24  Marine x2  
  155  14:25  Marine x3  
  155  14:30  Sensor Tower  
  160  14:35  Marine x2  
  160  14:36  Corvid Reactor, Marine  
  163  14:42  Marine x6  
  169  14:50  Siege Tank  
  169  14:51  Factory Tech Lab  
  171  14:53  Marine x3  
  171  14:59  Marine  
  174  15:00  Raven, Marine x2  
  178  15:11  Marine x2  
  175  15:22  Siege Tank  
  175  15:24  Siege Tank  
  173  15:30  Marine x4  
  173  15:34  Marine  
  177  15:37  Marine x2  

Tags
 
Add a new tag
Caveats
  • Supply blocks, unpowered buildings, or Contaminate may cause inaccurate times.
  • Supply counts are checked every 10 seconds.